 Dungeon Crawl Stone Soup version 0.30.0-19-g36f170ea60 (webtiles) character file.

Game seed: 15228116808472191940

207 bmack86 the Chopper (level 5, -2/44 (45) HPs)
             Began as a Minotaur Fighter on May 31, 2023.
             Slain by a wight
             ... wielding a +0 war axe
              (6 damage)
             ... on level 3 of the Dungeon.
             The game lasted 00:03:58 (1975 turns).

bmack86 the Chopper (Minotaur Fighter)              Turns: 1975, Time: 00:03:58

HP:   -2/44 (45)    AC:  6    Str: 22    XL:     5   Next: 54%
MP:   4/4           EV:  9    Int:  5    God:
Gold: 194           SH:  0    Dex: 10    Spells: 4/4 levels left

rFire   . . .        a - +0 war axe
rCold   . . .        c - +0 buckler
rNeg    . . .        b - +0 scale mail
rPois   .            (helmet restricted)
rElec   .            (no cloak)
rCorr   .            (no gloves)
SInv    .            (no boots)
Will    .....        (no amulet) Stlth
                     (no ring)
HPRegen 0.27/turn    (no ring)
MPRegen 0.09/turn

%: no passive effects
@: confused, ambrosia-drunk, lightly drained
A: horns 2, retaliatory headbutt
a: no special abilities


You were on level 3 of the Dungeon.
You visited 1 branch of the dungeon, and saw 3 of its levels.

You collected 194 gold pieces.

Inventory:

Hand Weapons
 a - a +0 war axe (weapon)
Missiles
 l - 2 boomerangs (quivered)
Armour
 b - a +0 scale mail (worn)
 c - a +0 buckler (worn)
Scrolls
 h - a scroll of magic mapping
 i - a scroll of teleportation {unknown}
 j - a scroll of blinking {unknown}
 n - a scroll of amnesia {unknown}
 o - a scroll of identify
Potions
 d - a potion of might
 e - a potion of haste
 f - 2 potions of ambrosia
 g - a potion of mutation
 k - 3 potions of curing
 m - a potion of berserk rage {unknown}


   Skills:
 - Level 3.6 Fighting
 + Level 7.1 Axes
 - Level 3.6 Armour
 - Level 3.6 Shields


You had 4 spell levels left.
You didn't know any spells.
Your spell library was empty.

Dungeon Overview and Level Annotations

Branches:
Dungeon (3/15)

Altars:

Annotations:
D:3 2 transporters


Innate Abilities, Weirdness & Mutations

You have a pair of horns on your head.
You reflexively headbutt those who attack you in melee.


Message History

The endoplasm quivers.
Found a potion of haste.
The wight barely misses you.
You hit the wight but do no damage. Your headbutt misses the wight.
The wight hits you with a +2 long sword of freezing.
The wight freezes you.
You closely miss the wight. Your headbutt misses the wight.
The wight barely misses you. You furiously retaliate!
You headbutt the wight! You slash the wight!
You destroy the wight!
The endoplasm freezes you.
You are frozen.
Your Axes skill increases to level 6!
You have reached level 5!
You closely miss the wight. You hit the wight. You slash the endoplasm!
You kill the endoplasm!
The wight barely misses you. The wight hits you but does no damage.
You closely miss the wight. You hit the wight.
The wight hits you with a +0 war axe. The wight hits you with a +2 falchion.
You feel drained.
Unknown command.
You closely miss the wight. Your headbutt misses the wight.
You barely miss the wight. The wight hits you with a +0 war axe.
You feel drained. The wight closely misses you. You furiously retaliate!
You headbutt the wight! You hit the wight.
The wight is almost destroyed.
You hit the wight but do no damage. You block the wight's attack.
The wight hits you with a +2 falchion! The wight hits you with a +0 war axe!
* * * LOW HITPOINT WARNING * * *
The wight hits you with a +2 falchion.
* * * LOW HITPOINT WARNING * * *
You feel drained.
* * * LOW HITPOINT WARNING * * *
You slash the wight!
You destroy the wight!
You hit the wight but do no damage. You block the wight's attack.
Your Axes skill increases to level 7!
You are confused.
You feel invigorated. The wight hits you with a +0 war axe.
You die...

.. ###...............
....####..............
.....................†
......................
....####....#......... #
.......#..............
........................
.....###................
#..)@.....###........
......z)##....# ....##..
...........##...###. #..
!.....###### #..###.##..
....## .#.(....#. ..$.
..####... ..# #... ..
##... ###....


You could see a wight.

Vanquished Creatures
  2 wights (D:3)
  2 adders
  A worm (D:2)
  3 dart slugs
  7 bats
  6 endoplasms
  3 giant cockroaches
  4 goblins
  6 hobgoblins
  7 jackals (D:1)
  5 quokkas
  8 ball pythons
  8 frilled lizards
  6 kobolds
  4 rats
72 creatures vanquished.

Notes
Turn   | Place    | Note
-------+----------+-------------------------------------------
     0 | D:1      | bmack86 the Minotaur Fighter began the quest for the Orb.
     0 | D:1      | Reached XP level 1. HP: 19/19 MP: 0/0
    26 | D:1      | Reached skill level 3 in Axes
    70 | D:1      | Reached XP level 2. HP: 26/26 MP: 1/1
   192 | D:1      | Reached skill level 4 in Axes
   273 | D:1      | Reached XP level 3. HP: 31/31 MP: 2/2
   343 | D:1      | Found a faded altar of an unknown god.
   802 | D:2      | Reached skill level 5 in Axes
  1130 | D:2      | Reached XP level 4. HP: 39/39 MP: 3/3
  1857 | D:3      | Found a transporter.
  1917 | D:3      | Found a transporter.
  1970 | D:3      | Reached skill level 6 in Axes
  1970 | D:3      | Reached XP level 5. HP: 40/45 MP: 4/4
  1973 | D:3      | HP: 1/40 [wight/+2 falchion (2)]
  1975 | D:3      | Reached skill level 7 in Axes
  1975 | D:3      | Slain by a wight

Illustrated notes

Levels and vault maps discovered:
D:1:      psy_arrival_fountain, layout_basic, chequers_ecumenical_altar_simple,
          st_stairs_9, minmay_lizard_pond
D:2:      layout_basic, serial_co_window_serial, co_window_paths_b,
          co_window_paths_a, co_window_paths_a, co_window_paths_b,
          co_window_paths_a, co_window_corner_a, co_window_corner_a,
          co_window_broadway_b, co_window_paths_c, co_window_corner_ca,
          co_window_corner_b, glass_columns_b, glass_columns_a, glass_columns_a,
          glass_columns_c, glass_columns_a, roderic_roman_lattice
D:3:      gammafunk_steamed_eel, layout_rooms,
          mainiacjoe_overflow_catwalk_spiral, lemuel_doored_altar,
          nicolae_hepliaklqana_hazy_memory, kennysheep_generic_room_14

Skill      XL: |  1  2  3  4  5 |
---------------+----------------+-----
Axes           | 3 4 5 6 7 |  7.1
Fighting       | |  3.6
Armour         | |  3.6
Shields        | |  3.6

Action                     |  1- 3 |  4- 6 || total
---------------------------+-------+-------++-------
  Melee: War axe           |    95 |    31 ||   126
         Headbutt          |    10 |     3 ||    13
    Use: Scroll            |     5 |       ||     5
         Potion            |       |     1 ||     1
 Armour: Scale mail        |    53 |    14 ||    67
  Dodge: Dodged            |    48 |    19 ||    67
  Block: Buckler           |    23 |     8 ||    31
